 Dungeon Crawl Stone Soup version 0.29.1-15-g9cfb28693d (webtiles) character file.

Game seed: 18379329064104743123

8 protoss039 the Digger (level 2, 20/20 HPs)
             Began as a Demonspawn Earth Elementalist on Mar 2, 2023.
             Got out of the dungeon alive.
             The game lasted 00:00:15 (480 turns).

protoss039 the Digger (DsEE)                         Turns: 480, Time: 00:00:16

Health: 20/20      AC:  2    Str:  8    XL:     2   Next: 0%
Magic:  5/5        EV: 12    Int: 16    God:
Gold:   19         SH:  0    Dex: 13    Spells: 4/5 levels left

rFire   . . .      SeeInvis .   d - +0 sling (freeze)
rCold   . . .      Faith    .   (no shield)
rNeg    . . .      Spirit   .   a - +0 robe
rPois   .          Reflect  .   (helmet restricted)
rElec   .          Harm     .   (no cloak)
rCorr   .          Rampage  .   (no gloves)
Will    .....                   (no boots)
Stlth   ++........              (no amulet)
HPRegen 0.06/turn               (no ring)
MPRegen 0.09/turn               (no ring)

@: no status effects
A: horns 1
a: no special abilities


You escaped.
You visited 1 branch of the dungeon, and saw 1 of its levels.

You collected 19 gold pieces.

Inventory:

Hand Weapons
 d - a +0 sling of freezing (weapon)
Armour
 a - a +0 robe (worn)
Scrolls
 c - a scroll of vulnerability {unknown}
Potions
 b - a potion of magic
 e - a potion of ambrosia {unknown}


   Skills:
 + Level 0.7 Fighting
 - Level 1.7 Dodging
 - Level 1.7 Stealth
 + Level 2.2 Spellcasting
 - Level 0.8 Transmutations
 + Level 2.9 Earth Magic


You had 4 spell levels left.
You knew the following spells:

 Your Spells              Type           Power      Damage    Failure   Level
a - Sandblast             Erth           22%        2d7       6%          1

Your spell library contained the following spells:

 Spells                   Type           Power      Damage    Failure   Level
 Passwall                 Tmut/Erth      5%         N/A       14%         2
 Stone Arrow              Conj/Erth      12%        3d7       32%         3
 Petrify                  Tmut/Erth      7%         N/A       67%         4


Dungeon Overview and Level Annotations

Branches:
Dungeon (1/15) Zot: 5513

Altars:


Innate Abilities, Weirdness & Mutations

You have a pair of small horns on your head.


Message History

No target in view!
No target in view!
Unknown command.
No target in view!
Found 6 stones.
You now have 19 gold pieces (gained 13).
A goblin comes into view. It is wielding a +0 dagger.
The goblin shouts!
A goblin is nearby!
You shoot a sling bullet.
The sling bullet closely misses the goblin.
A goblin is nearby!
You shoot a sling bullet.
The sling bullet closely misses the goblin.
A goblin is nearby!
You shoot a sling bullet. The sling bullet hits the goblin.
The sling bullet freezes the goblin.
The goblin is almost dead.
A goblin is nearby!
You shoot a sling bullet. The sling bullet hits the goblin.
The sling bullet freezes the goblin.
You kill the goblin!
Key pressed, stopping explore.
No target in view!
Things that are here:
a +0 dagger; a goblin corpse A frilled lizard comes into view.
A frilled lizard is nearby!
You shoot a sling bullet.
The sling bullet hits the frilled lizard.
The frilled lizard seems to slow down.
The sling bullet freezes the frilled lizard.
You kill the frilled lizard!
You have reached level 2!
Your demonic ancestry asserts itself...
A pair of horns grows on your head!
Unknown command.
There is a staircase leading out of the dungeon here.
Are you sure you want to leave the Dungeon?
This will make you lose the game!
You have escaped!

######## #......#
#.@....###
#.........
#......###
#.....## #....##
# #.....## #####
#......##
####....
#..##...##
#....###
##.###...###.####


There were no monsters in sight!

Vanquished Creatures
  A giant cockroach (D:1)
  A goblin (D:1)
  2 hobgoblins (D:1)
  A quokka (D:1)
  2 frilled lizards (D:1)
7 creatures vanquished.

Notes
Turn   | Place    | Note
-------+----------+-------------------------------------------
     0 | D:1      | protoss039 the Demonspawn Earth Elementalist began the
                  | quest for the Orb.
     0 | D:1      | Reached XP level 1. HP: 13/13 MP: 3/3
   451 | D:1      | Gained mutation: You have a pair of small horns on your
                  | head. [demonic ancestry]
   451 | D:1      | Reached XP level 2. HP: 20/20 MP: 5/5
   480 | D:$      | Got out of the dungeon alive.

Illustrated notes

Levels and vault maps discovered:
D:1:      elethiomel_arrival_shortcut, layout_rooms, minivault_14

Action                   || total
-------------------------++-------
 Fire: Sling             ||    15
 Cast: Sandblast         ||     3
Armor: Robe              ||     4
Dodge: Dodged            ||     4
